Map: Lerilak Crest

Players

IllIIllIlIlI

  • Race: Protoss Protoss
  • League: Diamond

LilDicky - Winner!

  • Race: Terran Terran
  • League: Diamond

VOD

http://www.twitch.tv/tumescentpie

Description

Time

  • Played on: Dec. 8, 2015, 8:55 a.m.
  • Length: 4:15
Show
View Real Time Build Order
Export as new Build Order

IllIIllIlIlI Protoss 

Build Orders: Nexus First 

Get SALT Encoding   

  12  0:01  Probe (Chrono Boost)  
  13  0:11  Probe (Chrono Boost)  
  14  0:18  Pylon  
  14  0:22  Probe (Chrono Boost)  
  15  0:36  Probe (Chrono Boost)  
  16  0:46  Probe (Chrono Boost)  
  17  1:02  Nexus  
  17  1:09  Gateway  
  17  1:12  Probe (Chrono Boost)  
  18  1:18  Assimilator  
  18  1:22  Probe (Chrono Boost)  
  19  1:30  Pylon  
  19  1:33  Probe (Chrono Boost)  
  19  1:39  Assimilator  
  20  1:43  Probe (Chrono Boost)  
  22  1:54  Probe (Chrono Boost)  
  22  1:57  Cybernetics Core  
  22  2:05  Probe (Chrono Boost)  
  23  2:15  Probe (Chrono Boost)  
  24  2:19  Probe (Chrono Boost)  
  25  2:27  Gateway  
  25  2:28  Gateway  
  25  2:30  Probe x2 (Chrono Boost)  
  27  2:43  Mothership Core (Chrono Boost)  
  29  2:44  Probe (Chrono Boost)  
  29  2:50  Stalker  
  32  2:55  Probe (Chrono Boost)  
  33  3:00  Probe  
  34  3:07  Probe  
  34  3:10  Probe  
  36  3:16  Gateway  
  36  3:18  Gateway  
  36  3:21  Pylon  
  36  3:31  Twilight Council  
  36  3:34  Probe  
  36  3:35  Probe  
  38  3:44  Robotics Facility  
  44  4:06  Pylon  
Show
View Real Time Build Order
Export as new Build Order

LilDicky Terran - Winner!

Build Orders:  

Get SALT Encoding   

  12  0:01  SCV  
  13  0:13  SCV  
  14  0:17  Supply Depot  
  14  0:26  SCV  
  15  0:36  Refinery  
  15  0:39  SCV  
  16  0:45  Barracks  
  16  0:51  SCV  
  17  1:03  SCV  
  18  1:15  SCV  
  19  1:27  SCV  
  20  1:33  Supply Depot  
  20  1:35  Refinery  
  20  1:41  Marine  
  20  1:43  Orbital Command  
  21  1:59  Marine  
  22  2:09  SCV  
  22  2:10  Barracks  
  22  2:11  Barracks  
  23  2:16  Factory  
  23  2:25  SCV  
  23  2:26  Barracks Reactor  
  24  2:36  Refinery  
  24  2:37  SCV  
  25  2:49  SCV  
  26  2:58  Barracks Tech Lab  
  26  2:59  Barracks Tech Lab  
  26  3:01  SCV  
  26  3:05  Supply Depot  
  27  3:06  Marine  
  27  3:07  Marine  
  29  3:14  SCV  
  29  3:19  Marine x2  
  30  3:26  SCV, Marine x2  
  34  3:27  Supply Depot  
  34  3:30  Widow Mine  
  36  3:38  SCV  
  39  3:42  Marauder  
  39  3:48  Supply Depot  
  39  3:49  Marauder  
  39  3:53  Marine x2  
  44  3:59  Starport  
Tags
 
Add a new tag
Caveats
  • Supply blocks, unpowered buildings, or Contaminate may cause inaccurate times.
  • Supply counts are checked every 10 seconds.